 Dungeon Crawl Stone Soup version 0.27.1-34-g3ba077fa99 (webtiles) character file.

Game seed: 8286134544984232641

1569 halfoni the Chopper (level 9, -15/68 HPs)
             Began as a Human Berserker on Jan 10, 2022.
             Was a Believer of Trog.
             Demolished by an ogre (20 damage)
             ... on level 5 of the Dungeon.
             The game lasted 00:08:37 (6357 turns).

halfoni the Chopper (Human Berserker)               Turns: 6357, Time: 00:08:38

Health: -15/68     AC: 15    Str: 21    XL:     9   Next: 13%
Magic:  9/9        EV:  7    Int: 11    God:    Trog [**....]
Gold:   161        SH:  5    Dex: 12    Spells: 8/8 levels left

rFire    . . .     SeeInvis .   a - +0 hand axe
rCold    + + .     Faith    .   d - +0 buckler
rNeg     . . .     Spirit   .   k - +0 plate armour
rPois    +         Reflect  .   (no helmet)
rElec    +         Harm     .   (no cloak)
rCorr    +         Rampage  .   i - +0 pair of gloves
Will     .....                  q - +0 pair of boots
Stlth    ..........             (no amulet)
HPRegen  0.21/turn              t - ring of resist corrosion
MPRegen  0.11/turn              h - ring of Xom's Flight of Fancy {rElec rPois rC++ Int+3 Stlth-}

@: on berserk cooldown, slowed, very slow
A: no striking features
a: Renounce Religion, Berserk, Trog's Hand


You were on level 5 of the Dungeon.
You worshipped Trog.
Trog was pleased with you.
You visited 1 branch of the dungeon, and saw 5 of its levels.

You collected 161 gold pieces.

Inventory:

Hand Weapons
 a - a +0 hand axe (weapon)
Armour
 d - a +0 buckler (worn)
 i - a +0 pair of gloves (worn)
 k - a +0 plate armour (worn)
 q - a +0 pair of boots (worn)
Jewellery
 h - the ring of Xom's Flight of Fancy (right hand) {rElec rPois rC++ Int+3 Stlth-}
   (You acquired it on level 4 of the Dungeon)

   [ring of poison resistance]

   Int:       It affects your intelligence (+3).
   rC:        It greatly protects you from cold.
   rElec:     It insulates you from electricity.
   rPois:     It protects you from poison.
   Stlth:     It makes you less stealthy.
 o - a +6 ring of intelligence
 t - a ring of resist corrosion (left hand)
Wands
 p - a wand of iceblast (12)
Scrolls
 c - 2 scrolls of identify
 j - 2 scrolls of magic mapping
 l - a scroll of torment
Potions
 b - 2 potions of attraction
 e - 2 potions of invisibility {unknown}
 f - 2 potions of curing {unknown}
 g - a potion of flight {unknown}
 m - 2 potions of mutation {unknown}
 n - 3 potions of degeneration {unknown}
 r - a potion of might {unknown}


   Skills:
 + Level 5.2 Fighting
 + Level 6.8 Axes
 + Level 6.1 Armour
 + Level 2.2 Dodging
 * Level 4.7 Shields


You had 8 spell levels left.
You didn't know any spells.
Your spell library was empty.

Dungeon Overview and Level Annotations

Branches:
Dungeon (5/15)
 Temple: D:4-7

Altars:
Yredelemnul


Message History

The phantom is severely damaged.
The phantom hits you but does no damage.
You closely miss the phantom.
The phantom is severely damaged.
You slash the phantom!
The phantom is almost destroyed.
The phantom hits you.
The phantom blinks!
You blink.
You feel a strong urge to attack something.
Unknown command.
You are no longer berserk.
You are exhausted.
You feel yourself slow down.
There is an open door here.
You closely miss the phantom.
The phantom is almost destroyed.
The phantom hits you but does no damage. x2
You slash the phantom!
You destroy the phantom!
Trog accepts your kill.
The ogre hits you with a +0 giant club!!
You slash the ogre!
The ogre is moderately wounded.
The ogre completely misses you.
You hit the ogre.
The ogre is moderately wounded.
The ogre hits you but does no damage.
You hit the ogre.
The ogre is heavily wounded.
The ogre barely misses you.
You slash the ogre!
The ogre is severely wounded.
The ogre hits you with a +0 giant club!
You slash the ogre!
The ogre is almost dead.
The ogre hits you with a +0 giant club!!
* * * LOW HITPOINT WARNING * * *
You hit the ogre but do no damage.
The ogre is almost dead.
The ogre hits you with a +0 giant club!!
You die...

..... #. ...... .... #.
...... #.. #. ...^. #$##.
... ##..#'##.#
#.....O..#####
#.....†.....?#
#.......####.#
#....>.SO@.#.# # .#..#
#.......##.#'##'## .(#.#
##########........ .#..#
##########........ #...#
#........'†.......
....####.########........
..#.#...........#........
.#..#.##.######.#########
#...#.##.#


You could see an ogre and an adder.

Vanquished Creatures
  A kobold demonologist (D:5)
  Sigmund (D:4)
  A wraith (D:5)
  An orc warrior (D:5)
  An ice beast (D:4)
  2 necrophages
  2 phantoms
  A kobold brigand (D:5)
  A water moccasin zombie (D:3)
  A bullfrog zombie (D:5)
  2 jellies (D:5)
  A hound (D:4)
  Jessica (D:3)
  2 iguanas
  An orc wizard (D:4)
  4 gnolls (D:4)
  4 adders
  A white imp (D:5)
  An ufetubus (D:4)
  2 worms (D:2)
  A dart slug (D:1)
  12 orcs
  5 endoplasms
  3 giant cockroaches
  7 goblins
  2 hobgoblins (D:1)
  2 kobolds (D:4)
  2 quokkas
  A ball python (D:2)
  2 bats
  5 frilled lizards
  4 rats
77 creatures vanquished.

Vanquished Creatures (others)
  7 plants (D:5)
7 creatures vanquished.

Grand Total: 84 creatures vanquished

Notes
Turn   | Place    | Note
-------+----------+-------------------------------------------
     0 | D:1      | halfoni the Human Berserker began the quest for the Orb.
     0 | D:1      | Reached XP level 1. HP: 18/18 MP: 1/1
   240 | D:1      | Reached XP level 2. HP: 24/24 MP: 2/2
   501 | D:1      | Found a faded altar of an unknown god.
   803 | D:2      | Reached skill level 1 in Shields
   811 | D:2      | Reached XP level 3. HP: 18/29 MP: 3/3
  1725 | D:3      | Reached XP level 4. HP: 22/35 MP: 4/4
  2440 | D:3      | Found a basalt altar of Yredelemnul.
  2496 | D:3      | Noticed Jessica
  2505 | D:3      | Killed Jessica
  2564 | D:3      | Reached XP level 5. HP: 21/41 MP: 5/5
  3375 | D:4      | Reached XP level 6. HP: 42/47 MP: 6/6
  3532 | D:4      | Reached ** piety under Trog
  3784 | D:4      | Noticed Sigmund
  4144 | D:4      | Killed Sigmund
  4145 | D:4      | Reached skill level 5 in Axes
  4145 | D:4      | Reached XP level 7. HP: 53/53 MP: 7/7
  4413 | D:4      | Identified a scroll of acquirement
  4413 | D:4      | Acquired the ring of Xom's Flight of Fancy {rElec rPois
                  | rC++ Int+3 Stlth-}
  4812 | D:5      | Entered Level 5 of the Dungeon
  4894 | D:5      | Noticed a kobold demonologist
  5432 | D:4      | Reached XP level 8. HP: 55/60 MP: 8/8
  5462 | D:5      | Noticed an ice devil
  5464 | D:5      | Killed a kobold demonologist
  5465 | D:5      | Reached skill level 5 in Armour
  5961 | D:5      | Noticed a wraith
  5970 | D:5      | Killed a wraith
  6282 | D:5      | Reached skill level 5 in Fighting
  6282 | D:5      | Reached XP level 9. HP: 68/68 MP: 9/9
  6357 | D:5      | Demolished by an ogre

Illustrated notes

Levels and vault maps discovered:
D:1:      dpeg_chamrin_arrival_tetris, layout_basic,
          shapermc_ecumenical_altar_totnotflames, nrook_mini_backslash,
          minmay_tromino_v7
D:2:      layout_rooms
D:3:      layout_basic, yredelemnul_altar_generic, uniq_jessica
D:4:      layout_rooms, uniq_sigmund
D:5:      cheibrodos_fzero, layout_basic, minmay_temple_entry_fiery,
          serial_bayou_pond_a

Skill      XL: |  1  2  3  4  5  6  7  8 |
---------------+-------------------------+-----
Shields        | 1 2 3 4 |  4.7
Axes           | 4 5 6 |  6.8
Armour         | 3 4 6 |  6.1
Fighting       | 4 5 |  5.2
Dodging        | |  2.2

Action                   |  1- 3 |  4- 6 |  7- 9 || total
-------------------------+-------+-------+-------++-------
Melee: Hand axe          |    87 |    89 |   182 ||   358
Invok: Berserk           |     2 |     6 |     8 ||    16
  Use: Scroll            |       |       |     8 ||     8
Armor: Animal skin       |     1 |       |       ||     1
       Plate armour      |    24 |    42 |   108 ||   174
       Leather armour    |     2 |       |       ||     2
Dodge: Dodged            |    27 |    15 |    38 ||    80
Block: Buckler           |    12 |    18 |    34 ||    64
